 Dungeon Crawl Stone Soup version 0.21-a0-52-gbf49515 (webtiles) character file.

970 KristoblXynda the Charlatan (level 7, -1/56 HPs)
             Began as a Demigod Artificer on June 13, 2017.
             Slain by an orc
             ... wielding a +0 trident
              (4 damage)
             ... on level 5 of the Dungeon.
             The game lasted 00:13:46 (7015 turns).

KristoblXynda the Charlatan (Demigod Artificer)     Turns: 7015, Time: 00:13:47

Health: -1/56      AC:  6    Str: 15    XL:     7   Next: 62%
Magic:  14/14      EV: 12    Int: 19    God:
Gold:   131        SH:  0    Dex: 16    Spells: 6/6 levels left

rFire    . . .     SeeInvis .   a - +1 short sword
rCold    + . .     Gourm    .   (no shield)
rNeg     . . .     Faith    .   b - +0 leather armour
rPois    .         Spirit   .   (no helmet)
rElec    .         Reflect  .   (no cloak)
rCorr    +         Harm     .   l - +0 pair of gloves
MR       .....     Clarity  +   (no boots)
Stlth    +++.......             p - amulet of rage
Regen    0.2/turn               w - ring of resist corrosion
MPRegen  0.2/turn               u - ring of protection from cold

@: lethally poisoned (-1 -> -3), flying
A: yellow scales 1, blurry vision 1, clarity, high mp 1, robust 1
a: Evoke Berserk Rage


You were on level 5 of the Dungeon.
You were not hungry.

You visited 1 branch of the dungeon, and saw 5 of its levels.

You collected 131 gold pieces.

Inventory:

Hand Weapons
 a - a +1 short sword (weapon)
Armour
 b - a +0 leather armour (worn)
 l - a +0 pair of gloves (worn)
Jewellery
 p - an amulet of rage (around neck)
 u - a ring of protection from cold (right hand)
 w - a ring of resist corrosion (left hand)
Wands
 c - a wand of flame (13/48)
 d - a wand of enslavement (13/24)
 e - a wand of random effects (0/48)
 o - a wand of polymorph (3/24)
 t - a wand of lightning (5/15)
Scrolls
 g - a scroll of teleportation
 h - a scroll of remove curse
 i - a scroll of recharging
 q - 2 scrolls of fog
Potions
 k - a potion of flight
 r - a potion of invisibility {unknown}
 s - a potion of might
 v - a potion of brilliance {unknown}
 x - a potion of curing {unknown}
Books
 n - a book of Cantrips

   Spells                             Type                      Level
   a - Confusing Touch                Hexes                        1
   b - Animate Skeleton               Necromancy                   1
   c - Summon Small Mammal            Summoning                    1
   d - Apportation                    Translocation                1
Comestibles
 f - 4 bread rations
 j - 2 chunks of flesh
 m - 4 meat rations


   Skills:
 - Level 0.8 Fighting
 + Level 4.8 Short Blades
 - Level 1.7 Dodging
 + Level 5.1 Stealth
 + Level 5.5 Evocations


You had 6 spell levels left.
You didn't know any spells.

Dungeon Overview and Level Annotations

Branches:
Dungeon (5/15)             Temple (0/1) D:4

Annotations:
D:2 exclusion: oklob plant


Innate Abilities, Weirdness & Mutations

You have an increased reservoir of magic. (+10% MP)
You are partially covered in yellow scales. (AC +2)
Scrolls take you a little longer to read.
You possess an exceptional clarity of mind.
You are robust. (+10% HP)


Message History

You feel sick.
The orc hits you from afar with a trident.
* * * LOW HITPOINT WARNING * * *
A ball python comes into view.
The ball python moves out of view.
The orc barely misses you.
A phantom comes into view.
Things that are here:
a falchion; an orc corpse You hit the orc but do no damage.
You hit the orc but do no damage. The orc hits you with a trident.
* * * LOW HITPOINT WARNING * * *
Okay, then.
It was a potion of cancellation.
You feel magically purged.
You feel sick. The orc hits you with a trident.
* * * LOW HITPOINT WARNING * * *
The phantom blinks!
It was a potion of flight.
You feel very buoyant.
You fly up into the air.
The orc hits you with a trident.
You die...

...... #.#
#.........#..# ......
#.# ##.W######...# ...
#...# #.#. ###
#...#######. #........#
#.#.####.# #§#.# #†#.#
#@#.# #####o#.####..
..#######..............
.......).o...(....#####
.......##.###.....#
#.##.#. #.# #####.# #
#. #.# .# #. ..# .# #.
##. .#


You could see a phantom and an orc.

Vanquished Creatures
  The ghost of wazuzu the Cruncher, an amateur MiGl (D:4)
  A phantom (D:4)
  An ogre (D:4)
  2 orc wizards
  A gnoll shaman (D:4)
  An orc priest (D:5)
  A bullfrog skeleton (D:4)
  2 hounds (D:5)
  Jessica (D:3)
  An iguana (D:5)
  A worker ant (D:4)
  A hound skeleton (D:4)
  9 adders
  10 gnolls
  An adder skeleton (D:1)
  An adder zombie (D:5)
  6 worms
  3 dart slugs
  4 leopard geckos
  9 orcs
  2 giant cockroaches
  11 goblins
  8 hobgoblins
  5 jackals
  A quokka (D:2)
  2 ball pythons
  7 bats
  4 frilled lizards
  7 kobolds
  7 rats
111 creatures vanquished.

Notes
Turn   | Place    | Note
-------+----------+-------------------------------------------
     0 | D:1      | KristoblXynda the Demigod Artificer began the quest for the Orb.
     0 | D:1      | Reached XP level 1. HP: 15/15 MP: 5/5
    52 | D:1      | Reached skill level 1 in Short Blades
    52 | D:1      | Reached skill level 1 in Stealth
   403 | D:1      | Reached XP level 2. HP: 13/22 MP: 6/6
  1157 | D:1      | Reached XP level 3. HP: 27/27 MP: 7/7
  1299 | D:2      | Found a blossoming altar of Fedhas.
  1318 | D:2      | Noticed an oklob plant
  1383 | D:2      | HP: 1/27 [worm (5)]
  2131 | D:2      | Found a hazy altar of Hepliaklqana.
  2193 | D:2      | Found a basalt altar of Yredelemnul.
  2196 | D:2      | Found a shattered altar of Ashenzari.
  2657 | D:2      | Reached XP level 4. HP: 34/34 MP: 9/9
  2957 | D:3      | Noticed Jessica
  2965 | D:3      | Killed Jessica
  3235 | D:3      | Reached XP level 5. HP: 39/39 MP: 10/10
  3383 | D:3      | Found a shattered altar of Ashenzari.
  3834 | D:4      | Noticed wazuzu's ghost (amateur MiGl)
  5010 | D:4      | Noticed a phantom
  5025 | D:4      | Killed a phantom
  5025 | D:4      | Reached XP level 6. HP: 27/46 MP: 12/12
  5096 | D:4      | Killed wazuzu's ghost
  5096 | D:4      | Reached skill level 5 in Evocations
  5195 | D:4      | Reached XP level 7. HP: 45/51 MP: 13/13
  5934 | D:4      | Found a staircase to the Ecumenical Temple.
  6346 | D:5      | Entered Level 5 of the Dungeon
  6506 | D:5      | Gained mutation: You are weak. (Str -2) [potion of mutation]
  6506 | D:5      | Gained mutation: You are partially covered in icy blue scales. (AC +2) [potion of mutation]
  6506 | D:5      | Gained mutation: You are robust. (+10% HP) [potion of mutation]
  6758 | D:5      | Lost mutation: You are weak. (Str -2) [potion of mutation]
  6758 | D:5      | Lost mutation: You are partially covered in icy blue scales. (AC +2) [potion of mutation]
  6758 | D:5      | Gained mutation: Scrolls take you a little longer to read. [potion of mutation]
  6758 | D:5      | Gained mutation: You possess an exceptional clarity of mind. [potion of mutation]
  6758 | D:5      | Gained mutation: You are partially covered in yellow scales. (AC +2) [potion of mutation]
  6839 | D:5      | Found a burning altar of Makhleb.
  6987 | D:5      | Reached skill level 5 in Stealth
  7014 | D:5      | HP: 2/56 [orc/trident (2)]
  7015 | D:5      | Slain by an orc

Vault maps used:
D:1:      dpeg_arrival_chambers_temple_mockup, minmay_bisected
D:2:      grunt_temple_overflow_open, tgw_fedhas
D:3:      ashenzari_altar_1, uniq_jessica
D:4:      minmay_temple_entry_nine_rooms, first_bread
D:5:      portal_sewer_entry_a, bloody_makhleb

Skill      XL: |  1  2  3  4  5  6  7 |
---------------+----------------------+-----
Short Blades   | 1 2 3 4 |  4.8
Stealth        | 1 2 3 4 5 |  5.1
Evocations     | 3 4 5 |  5.5
Fighting       | |  0.8
Dodging        | |  1.7

Action                   |  1- 3 |  4- 6 |  7- 9 || total
-------------------------+-------+-------+-------++-------
Melee: Short sword       |   186 |   153 |   158 ||   497
Evoke: Wand              |     8 |    35 |    18 ||    61
  Use: Scroll            |       |    10 |     3 ||    13
       Potion            |       |     1 |     6 ||     7
 Stab: Sleeping          |     6 |     1 |     1 ||     8
  Eat: Chunk             |     1 |     5 |     5 ||    11
       Meat ration       |     1 |       |       ||     1
       Fruit             |       |     3 |     1 ||     4
Armor: Leather armour    |    46 |    39 |    41 ||   126
       Skin              |       |    10 |       ||    10
Dodge: Dodged            |   116 |    88 |    87 ||   291
